 Dungeon Crawl Stone Soup version 0.22.1-2-g9c5b331383 (webtiles) character file.

32813 Rediskos the Severer (level 13, -2/122 HPs)
             Began as a Minotaur Berserker on Nov 17, 2018.
             Was an Elder of Trog.
             Slain by a wyvern (12 damage)
             ... on level 3 of the Lair of Beasts.
             The game lasted 00:56:57 (14441 turns).

Rediskos the Severer (Minotaur Berserker)          Turns: 14441, Time: 00:56:57

Health: -2/122     AC: 15    Str: 24    XL:     13   Next: 33%
Magic:  18/18      EV: 14    Int:  4    God:    Trog [****..]
Gold:   1164       SH:  0    Dex: 16    Spells: 12/12 levels left

rFire    + . .     SeeInvis .   v - +8 flail of Somewhere Else {crush, MR+}
rCold    + . .     Gourm    .   (no shield)
rNeg     . . .     Faith    .   U - +1 chain mail "Juanto" {rElec Dex+3 Stlth+}
rPois    +         Spirit   .   (helmet restricted)
rElec    +         Reflect  .   a - scarf {rC+ rF+}
rCorr    .         Harm     .   (no gloves)
MR       +++..                  N - +1 pair of boots
Stlth    ..........             m - amulet of regeneration
HPRegen  1.70/turn              F - +1 ring of evasion
MPRegen  0.16/turn              g - ring of poison resistance

@: berserk cooldown, starving, regenerating, slowed, very slow
A: retaliatory headbutt, horns 2
a: Berserk, Trog's Hand, Brothers in Arms, Renounce Religion


You were on level 3 of the Lair of Beasts.
You worshipped Trog.
Trog was greatly pleased with you.
You were starving.

You visited 2 branches of the dungeon, and saw 16 of its levels.
You also visited: Sewer.

You collected 1164 gold pieces.

Inventory:

Hand Weapons
 v - the +8 flail of Somewhere Else (weapon) {crush, MR+}
   (You found it on level 2 of the Lair of Beasts)

   It inflicts extra damage upon your enemies.
   It affects your resistance to hostile enchantments.
Missiles
 B - 2 poisoned javelins
 J - 7 silver tomahawks
 K - 8 javelins
 T - 7 poisoned tomahawks (quivered)
Armour
 a - a scarf of resistance (worn)
 N - a +1 pair of boots (worn)
 U - the +1 chain mail "Juanto" (worn) {rElec Dex+3 Stlth+}
   (You found it on level 10 of the Dungeon)

   It affects your dexterity (+3).
   It insulates you from electricity.
   It makes you more stealthy.
Jewellery
 d - an uncursed ring of flight
 g - a ring of poison resistance (right hand)
 m - an amulet of regeneration (around neck)
 F - a +1 ring of evasion (left hand)
 S - an uncursed ring of wizardry
Wands
 l - a wand of acid (9)
 z - a wand of clouds (6)
 C - a wand of enslavement (15)
 D - a wand of flame (49)
 L - a wand of polymorph (21)
 M - a wand of iceblast (6)
Scrolls
 j - 3 scrolls of immolation
 o - a scroll of identify
 p - a scroll of brand weapon
 q - 2 scrolls of fear
 r - a scroll of fog
 u - 4 scrolls of magic mapping
 w - 3 scrolls of enchant weapon
 y - 6 scrolls of teleportation
 H - 11 scrolls of remove curse
 O - 2 scrolls of enchant armour
 Q - a scroll of vulnerability
Potions
 b - a potion of ambrosia {unknown}
 e - 3 potions of flight
 h - 5 potions of curing
 i - 6 potions of agility
 k - 4 potions of berserk rage {unknown}
 n - 4 potions of brilliance
 s - 2 potions of degeneration {unknown}
 t - 3 potions of invisibility
 x - a potion of lignification {unknown}
 A - a potion of heal wounds
 E - a potion of haste {unknown}
 G - 2 potions of mutation {unknown}
 I - 2 potions of might {unknown}
Comestibles
 c - 39 rations


   Skills:
 * Level 13.0 Fighting
   Level 16.0 Axes
 + Level 5.3 Throwing
 - Level 11.0 Armour
 + Level 7.3 Dodging
 - Level 8.0 Evocations


You had 12 spell levels left.
You didn't know any spells.
Your spell library was empty.

Dungeon Overview and Level Annotations

Branches:
Dungeon (12/15)            Temple (0/1) D:7            Lair (4/6) D:11
  Swamp (0/4) Lair:2        Snake (0/4) Lair:2          Orc (0/2) D:10

Altars:
Ashenzari
Fedhas
Hepliaklqana
Nemelex Xobeh
Ru
Sif Muna
Xom
The Shining One

Shops:
D:6 [   D:7 (


Innate Abilities, Weirdness & Mutations

You reflexively headbutt those who attack you in melee.
You have a pair of horns on your head.


Message History

You furiously retaliate!
You headbutt the bullfrog! The komodo dragon closely misses you.
You furiously retaliate!
You headbutt the komodo dragon!
You climb upwards.
There is a stone staircase leading down here.
You feel much better. The bullfrog hits you.
The wyvern bites you but does no damage.
The komodo dragon closely misses you. You furiously retaliate!
You headbutt the komodo dragon.
The bullfrog hits you but does no damage.
The wyvern barely misses you. You furiously retaliate!
You headbutt the wyvern.
Your ogre goes berserk!
You are starving!
The bullfrog hits you. The wyvern bites you!
* * * LOW HITPOINT WARNING * * *
The komodo dragon bites you!!
* * * LOW HITPOINT WARNING * * *
The bullfrog closely misses you. You furiously retaliate!
You headbutt the bullfrog. The wyvern bites you!
You die...

### #### #.#### ########..#####
###
.....#####.............#######P##
.....)##..........)....#.P##.....
.....#...#.......O.....+....##...
.....'.###......Fl...............
.....#####......@......######P...
.....# #.##..P+l.##.### ##...
.....# #######..##### #... ...###
###..# #.P# ..P## #...### ####
....### #####..P..###### #.#.
......###..............### #...
.....###.......?......+.P#####..+
.........##....<......#..##.###..


You could see a komodo dragon, a wyvern, a bullfrog and a friendly ogre
(berserk).

Vanquished Creatures
  Kirke (Lair:4)
  2 hydras
  7 two-headed ogres
  A manticore (D:10)
  2 black mambas
  A rime drake (Lair:3)
  4 spiny frogs
  2 komodo dragons
  4 trolls
  A merfolk (D:10)
  A tyrant leech (Lair:4)
  2 dream sheep (D:9)
  5 blink frogs (Lair:3)
  A hornet (D:9)
  3 bog bodies (Lair:2)
  4 hippogriffs
  A shadow (D:11)
  47 yaks
  A wyvern (D:10)
  8 hogs
  A basilisk (Lair:3)
  A hungry ghost (D:8)
  Menkaure (D:6)
  2 swamp worms (Lair:2)
  2 nagas (Lair:2)
  A soldier ant (D:11)
  4 water moccasins
  3 ice beasts
  2 porcupines (Lair:2)
  3 phantoms
  A necrophage (D:6)
  5 orc warriors
  14 black bears
  A sky beast (D:8)
  3 wolves (Lair:2)
  6 centaurs
  7 ogres
  6 crocodiles
  10 big kobolds
  10 bullfrogs
  A gnoll sergeant (D:10)
  A wyvern skeleton (D:9)
  4 scorpions
  5 wights (D:8)
  3 howler monkeys
  8 electric eels
  3 crimson imps
  3 centaur zombies
  3 quasits
  10 orc priests
  4 bullfrog skeletons
  3 gnoll shamans (D:10)
  7 hounds
  Crazy Yiuf (D:2)
  3 jellies
  Jessica (D:3)
  3 iguanas
  9 orc wizards
  13 worker ants
  4 hound skeletons
  A worker ant zombie (D:11)
  2 howler monkey skeletons
  8 gnolls
  3 river rats (Sewer)
  17 adders
  2 shadow imps
  2 oozes (Sewer)
  An adder skeleton (D:7)
  6 worms
  2 dart slugs
  6 leopard geckos
  39 orcs
  5 ball pythons
  8 bats
  7 giant cockroaches
  7 goblins
  15 hobgoblins
  11 jackals
  21 kobolds
  2 quokkas
  5 frilled lizards
  A jackal skeleton (D:6)
  A jackal zombie (D:5)
  A quokka skeleton (D:5)
  11 rats
454 creatures vanquished.

Vanquished Creatures (others)
  A human (Lair:4)
  A sky beast (D:5)
  A fungus (Lair:2)
  2 plants
5 creatures vanquished.

Grand Total: 459 creatures vanquished

Notes
Turn   | Place    | Note
-------+----------+-------------------------------------------
     0 | D:1      | Rediskos the Minotaur Berserker began the quest for the
                  | Orb.
     0 | D:1      | Reached XP level 1. HP: 19/19 MP: 0/0
   300 | D:1      | Reached XP level 2. HP: 27/27 MP: 1/1
   349 | D:1      | Reached skill level 4 in Axes
   717 | D:1      | Reached XP level 3. HP: 33/33 MP: 2/2
   828 | D:1      | Reached ** piety under Trog
  1472 | D:2      | Found a runed door.
  1839 | D:2      | Noticed Crazy Yiuf
  1845 | D:2      | Killed Crazy Yiuf
  1845 | D:2      | Reached XP level 4. HP: 40/40 MP: 3/3
  2074 | D:3      | Reached skill level 5 in Axes
  2083 | D:3      | Reached XP level 5. HP: 46/47 MP: 4/4
  2156 | D:3      | Found a shattered altar of Ashenzari.
  2159 | D:3      | Noticed Jessica
  2162 | D:3      | Killed Jessica
  2255 | D:3      | Found a deep blue altar of Sif Muna.
  2407 | D:3      | Found a blossoming altar of Fedhas.
  2407 | D:3      | Found a sacrificial altar of Ru.
  2567 | D:4      | Noticed an ogre
  2587 | D:4      | Killed an ogre
  2587 | D:4      | Reached XP level 6. HP: 55/55 MP: 5/5
  2632 | D:4      | Reached *** piety under Trog
  2662 | D:4      | Reached skill level 6 in Axes
  2676 | D:4      | Reached skill level 5 in Fighting
  3091 | D:5      | Entered Level 5 of the Dungeon
  3129 | D:5      | Reached XP level 7. HP: 43/61 MP: 6/6
  3132 | D:5      | Reached skill level 7 in Axes
  3132 | D:5      | Reached skill level 1 in Evocations
  3217 | D:5      | Found a sparkling altar of Nemelex Xobeh.
  3224 | D:5      | Reached skill level 5 in Armour
  3333 | D:5      | Found a glowing drain.
  3337 | Sewer    | Entered a sewer
  3428 | Sewer    | Reached **** piety under Trog
  3621 | Sewer    | Reached skill level 8 in Axes
  3621 | Sewer    | Reached XP level 8. HP: 64/70 MP: 8/8
  4498 | D:5      | Reached skill level 9 in Axes
  4765 | D:6      | Reached ***** piety under Trog
  4767 | D:6      | Found Kociokog's Armour Shop.
  4834 | D:6      | Noticed Menkaure
  4850 | D:6      | Killed Menkaure
  4853 | D:6      | Reached XP level 9. HP: 70/79 MP: 10/10
  5285 | D:7      | Received a gift from Trog
  5289 | D:7      | Reached skill level 10 in Axes
  5488 | D:7      | Found a glowing golden altar of the Shining One.
  5489 | D:7      | Found Putog's Weapon Boutique.
  5852 | D:7      | Found a staircase to the Ecumenical Temple.
  6418 | D:8      | Reached skill level 11 in Axes
  6712 | D:9      | Noticed a two-headed ogre
  6725 | D:9      | Killed a two-headed ogre
  6725 | D:9      | Reached skill level 5 in Evocations
  6725 | D:9      | Reached XP level 10. HP: 90/90 MP: 12/12
  6876 | D:9      | Noticed a two-headed ogre
  6881 | D:9      | Killed a two-headed ogre
  6881 | D:9      | Reached skill level 12 in Axes
  7127 | D:9      | Found a hazy altar of Hepliaklqana.
  7392 | D:9      | Noticed a three-headed hydra
  7398 | D:9      | Killed a three-headed hydra
  7462 | D:9      | Found a shimmering altar of Xom.
  7574 | D:9      | Reached XP level 11. HP: 91/99 MP: 14/14
  7579 | D:9      | Reached skill level 13 in Axes
  7877 | D:10     | Entered Level 10 of the Dungeon
  7889 | D:10     | Reached skill level 10 in Fighting
  8022 | D:10     | Received a gift from Trog
  8044 | D:10     | Reached skill level 10 in Armour
  8367 | D:10     | Noticed a two-headed ogre
  8375 | D:10     | Killed a two-headed ogre
  8831 | D:10     | Reached skill level 14 in Axes
  8987 | D:10     | Found a shimmering altar of Xom.
  9497 | D:10     | Found a staircase to the Orcish Mines.
  9557 | D:10     | Noticed a two-headed ogre
  9560 | D:10     | Noticed a two-headed ogre
  9574 | D:10     | Killed a two-headed ogre
  9668 | D:10     | Noticed a two-headed ogre
  9681 | D:10     | Killed a two-headed ogre
  9681 | D:10     | Reached XP level 12. HP: 110/110 MP: 16/16
  9780 | D:10     | Killed a two-headed ogre
 10306 | D:10     | Received a gift from Trog
 10314 | D:10     | Got a bloodstained chain mail
 10325 | D:10     | Identified the +1 chain mail "Juanto" {rElec Dex+3 Stlth+}
                  | (You found it on level 10 of the Dungeon)
 10831 | D:11     | Found a staircase to the Lair.
 10936 | D:11     | Reached skill level 15 in Axes
 10936 | D:11     | Reached skill level 1 in Throwing
 11534 | D:11     | Noticed a two-headed ogre
 11543 | D:11     | Killed a two-headed ogre
 11730 | D:12     | Received a gift from Trog
 11765 | Lair:1   | Entered Level 1 of the Lair of Beasts
 11797 | Lair:1   | Reached skill level 5 in Dodging
 12801 | Lair:2   | Found a staircase to the Snake Pit.
 12897 | Lair:2   | Received a gift from Trog
 13018 | Lair:2   | Reached skill level 16 in Axes
 13282 | Lair:2   | Got a pitted flail
 13283 | Lair:2   | Identified the +8 flail of Somewhere Else {crush, MR+} (You
                  | found it on level 2 of the Lair of Beasts)
 13577 | Lair:2   | Reached XP level 13. HP: 83/118 MP: 18/18
 13607 | Lair:2   | Found a staircase to the Swamp.
 14406 | Lair:4   | Noticed Kirke
 14408 | Lair:4   | Reached skill level 5 in Throwing
 14424 | Lair:4   | Killed Kirke
 14441 | Lair:3   | Slain by a wyvern

Skill      XL: |  1  2  3  4  5  6  7  8  9 10 11 12 13 |
---------------+----------------------------------------+-----
Axes           | 4 5 6 8 9 11 12 14 16 | 16.0
Fighting       | 4 5 6 7 8 9 11 12 13 | 13.0
Armour         | 3 4 5 6 8 9 10 11 | 11.0
Dodging        | 3 4 6 7 |  7.3
Evocations     | 2 3 5 6 7 8 |  8.0
Throwing       | 4 5 |  5.3

Action                   |  1- 3 |  4- 6 |  7- 9 | 10-12 | 13-15 || total
-------------------------+-------+-------+-------+-------+-------++-------
Melee: Hand axe          |    86 |   122 |   460 |   839 |       ||  1507
       Headbutt          |    11 |    32 |    84 |   241 |    25 ||   393
       Morningstar       |       |       |       |     4 |       ||     4
       Flail             |       |       |       |    13 |    94 ||   107
Throw: Javelin           |       |       |       |    20 |       ||    20
       Tomahawk          |       |       |       |     9 |       ||     9
Invok: Berserk           |     2 |     4 |     6 |    19 |     3 ||    34
       Trog's Hand       |       |       |     4 |    11 |     5 ||    20
       Brothers in Arms  |       |       |       |       |     1 ||     1
Evoke: Wand              |       |       |       |       |     2 ||     2
  Use: Scroll            |       |     2 |    11 |    10 |     1 ||    24
       Potion            |       |       |       |       |     2 ||     2
 Stab: Sleeping          |     1 |       |       |       |       ||     1
  Eat: Chunk             |     4 |     8 |    18 |    44 |     3 ||    77
       Ration            |       |       |       |       |     1 ||     1
Armor: Animal skin       |    10 |       |       |       |       ||    10
       Scale mail        |    21 |       |       |       |       ||    21
       Chain mail        |    17 |    46 |   179 |   110 |    66 ||   418
       Plate armour      |       |       |       |   244 |       ||   244
Dodge: Dodged            |    52 |    53 |   165 |   348 |    81 ||   699
